← All builds
Suicide front / Armada / Factory first / OBSERVED BUILD

Standard suicide front

Armada Suicide front build order · Supreme Isthmus

The role's baseline: Bot Lab at 0:21 then straight into reclaim-fed T1 bot production to contest the middle and hold until T2 arrives, with an Advanced Metal Extractor around 9:45.

#rush · 2028 distinct matches · 233 players · 72% of Armada Suicide front games · team won 59% of 2406 · Recently observed

HOW TO PLAY IT

Key timing: Bot Lab by 0:20

  1. Open with mex and lab-first to get Bot Lab up by 0:20.
  2. Expand mex and wind while lab pumps units toward middle.
  3. Push Sentry and early Rocketeer, Centurion to contest middle.
  4. Get T2 constructor out once Pond's boost lets you spare metal.
  5. Upgrade mex to Advanced Metal Extractor as you transition off T1 spam.

Phase by phase

TYPICAL OF ITS 2028 GAMES
  1. 1
  2. 2
  3. 3
PLAY THE OPENING

Follow the example game's first 6:00 step by step: what to build now, what comes next, and where it goes. At 1× it keeps pace with your own game.

  1. 1

    Bot Lab first

    Order
    1. Bot LabBot Lab done ~0:24, middle half 0:20–0:33

    Some games also: mex (44%)

  2. 2

    Bot Lab to 5:00

    Economy
    • Metal Extractor5Mex
    • Wind Turbine4Wind
    Builders
    • Construction Bot3 Con bot
    • Lazarus2 Lazarus
    Army
    • Sentry4 Sentry
    • Rocketeer16 Rocketeer
    • Tick2 Tick
    • Centurion1 Centurion
    Other
    • Radar Tower1 Radar Tower

    Some games also: pawn (38%) · con turret (34%)

    By 5:00 in all: 5 mex · 4 wind

    The example game in this phase · 38 steps
    1. TickTick ×2
    2. LazarusLazarus
    3. Construction BotCon bot
    4. CenturionCenturion
    5. SentrySentry
    6. Mex ×2
    7. CenturionCenturion
    8. Mex
    9. SentrySentry
    10. Construction BotCon bot
    11. SentrySentry ×2
    12. Mex
    13. Construction BotCon bot
    14. Wind
    15. RocketeerRocketeer
    16. Mex
    17. RocketeerRocketeer
    18. SentrySentry ×2
    19. RocketeerRocketeer
    20. Wind
    21. RocketeerRocketeer
    22. SentrySentry
    23. Mex
    24. Wind
    25. RocketeerRocketeer
    26. SentrySentry ×2
    27. TickTick
    28. Wind
    29. LazarusLazarus
    30. Wind
    31. CenturionCenturion
    32. NettleNettle
    33. CenturionCenturion
    34. SentrySentry
    35. Radar TowerRadar Tower
    36. SentrySentry
    37. LazarusLazarus
    38. Mex
  3. 3

    5:00 to 10:00

    Economy
    • Metal Extractor1Mex
    • Wind Turbine15Wind
    Builders
    • Construction Turret2 Con turret
    • Lazarus2 Lazarus
    • Construction Bot1 Con bot
    Army
    • Sentry1 Sentry
    • Rocketeer8 Rocketeer

    Some games also: pawn (49%) · Radar Tower (46%) · tick (45%) · centurion (44%) · energy storage (42%) · eat Bot Lab (31%)

    By 10:00 in all: 6 mex · 21 wind · 1 energy storage · 2 con turret

    The example game in this phase · 69 steps
    1. Wind
    2. CenturionCenturion
    3. Wind
    4. CenturionCenturion
    5. Wind ×3
    6. LazarusLazarus
    7. ThugThug
    8. CenturionCenturion
    9. Energy storage
    10. ThugThug
    11. CenturionCenturion
    12. NettleNettle
    13. SatyrSatyr
    14. LazarusLazarus
    15. SatyrSatyr
    16. CenturionCenturion
    17. NettleNettle
    18. SatyrSatyr ×4
    19. CenturionCenturion
    20. Con turret
    21. RocketeerRocketeer
    22. SatyrSatyr ×3
    23. RocketeerRocketeer
    24. Con turret
    25. LazarusLazarus
    26. SatyrSatyr ×3
    27. CenturionCenturion
    28. Mex
    29. SatyrSatyr ×4
    30. Con turret
    31. CenturionCenturion
    32. Wind ×2
    33. LazarusLazarus
    34. Wind ×2
    35. CenturionCenturion
    36. Mex
    37. SatyrSatyr
    38. Converter
    39. SentrySentry
    40. CenturionCenturion
    41. Wind
    42. SatyrSatyr ×2
    43. Wind
    44. SatyrSatyr
    45. SentrySentry
    46. Wind
    47. LazarusLazarus
    48. Wind
    49. KarkinosKarkinos
    50. SatyrSatyr
    51. Wind
    52. Radar TowerRadar Tower
    53. CenturionCenturion
    54. Advanced Metal ExtractorT2 mexnot finished by 15:00 · typical 9:46
    55. Converter
    56. Con turret
    57. BallistaBallista
    58. Wind
    59. CenturionCenturion
    60. Wind
    61. Wind
    62. BallistaBallista
    63. Mex
    64. Wind
    65. BallistaBallista
    66. LazarusLazarus
    67. Wind
    68. Converter
    69. CenturionCenturion

Counts are medians over the build's games: half of them build more, half fewer. The example game is Soliloqueur's (40 OS, 14/10/2026); pick another.

Team trades

IN AT LEAST 30% OF ITS GAMES

You hand over

Nothing regular.

You get

  • Tidal Generator4 Tidal from Pondfirst at 0:10 · in 68% of games
  • Advanced Construction Bot1 T2 con bot from Geo or Techfirst at 7:41 · in 57% of games

How it plays out

Typical game of this build, running totals by minute

Metal produced

010k20k
0:005:0010:0015:00

metal

Enemy metal destroyed

05k10k
0:005:0010:0015:00

metal

Own metal lost

05k10k
0:005:0010:0015:00

metal

2406 games.

Show as table
ByMetal produced: This buildEnemy metal destroyed: This buildOwn metal lost: This build
1:0023000
2:0088700
3:002008184130
4:003109645501
5:00418413531000
6:00534721831707
7:00654330512589
8:00776039363499
9:00904646894375
10:001041253125161
11:001188958585966
12:001357864076686
13:001539668767455
14:001729675048213
15:001925281069007
WHAT THE NUMBERS SAY

Standard Suicide front play wins a bit over half its games while taking the heaviest own losses of any role by 15:00.

  • + Produces 20142 metal by 15:00, highest of the front roles.
  • + First kill by 2:01 in all games, fastest contest of middle.
  • − Own metal lost hits 9178 by 15:00, more than enemy metal destroyed.
  • − Only 34% Rocketeer share shows army spread thin across many bot types.
THE EXAMPLE YOU ARE READING

Soliloqueur

40.0 OS · 14/10/2026

Open source match ↗

15 received units · includes a constructor
312 metal received · 20144 energy received

Allied construction assistance is unknown. Timings are observations, not a promise of solo reproducibility.

Typical milestones

Bot Lab0:24Middle 50%: 0:20–0:33 · n=2398
Advanced Metal Extractor9:46Middle 50%: 8:50–10:58 · n=1738

Played most by

_X_262games of this buildPlatinumBlonde188games of this buildXad166games of this buildTrapCaT109games of this buildSoliloqueur81games of this build
Standard suicide front · Armada Suicide front build order · BAR Build Atlas